 Dungeon Crawl Stone Soup version 0.28-b1-25-g9875b3fc8c (webtiles) character file.

Game seed: 17586500188147092630

50 iwittbrodt the Magician (level 3, -4/26 HPs)
             Began as a Gnoll Wanderer on Feb 2, 2022.
             Slain by a gnoll (9 damage)
             ... on level 1 of the Dungeon.
             The game lasted 00:05:02 (916 turns).

iwittbrodt the Magician (Gnoll Wanderer)             Turns: 916, Time: 00:05:02

Health: -4/26      AC:  5    Str:  9    XL:     3   Next: 79%
Magic:  6/11       EV: 13    Int: 14    God:
Gold:   34         SH:  0    Dex: 12    Spells: 15/16 levels left

rFire   . . .      SeeInvis .   f - +1 short sword (holy)
rCold   . . .      Faith    .   (no shield)
rNeg    . . .      Spirit   .   l - +0 leather armour
rPois   .          Reflect  .   c - +0 helmet
rElec   .          Harm     .   (no cloak)
rCorr   .          Rampage  .   d - +0 pair of gloves
Will    .....                   (no boots)
Stlth   ++........              (no amulet)
HPRegen 0.08/turn               (no ring)
MPRegen 0.12/turn               (no ring)

@: no status effects
A: fangs 1, strong nose, distributed training
a: no special abilities


You were on level 1 of the Dungeon.
You visited 1 branch of the dungeon, and saw 2 of its levels.

You collected 34 gold pieces.

Inventory:

Hand Weapons
 a - a +0 dagger
 f - a +1 short sword of holy wrath (weapon)
 j - a +0 hunting sling
Missiles
 b - 10 bolts
 k - 38 stones (quivered)
 m - 23 sling bullets
Armour
 c - a +0 helmet (worn)
 d - a +0 pair of gloves (worn)
 l - a +0 leather armour (worn)
Jewellery
 h - a ring of wizardry
Scrolls
 i - a scroll of vulnerability {unknown}
Potions
 e - 2 potions of ambrosia {unknown}
 g - a potion of haste {unknown}


   Skills:
 + Level 1.0 Fighting
 + Level 1.0 Short Blades
 + Level 1.0 Long Blades
 + Level 1.0 Axes
 + Level 1.0 Maces & Flails
 + Level 1.0 Polearms
 + Level 1.0 Staves
 + Level 1.0 Slings
 + Level 1.0 Bows
 + Level 1.0 Crossbows
 + Level 1.0 Throwing
 + Level 1.0 Armour
 + Level 6.5 Dodging
 + Level 2.4 Stealth
 + Level 1.0 Shields
 + Level 1.0 Unarmed Combat
 + Level 7.1 Spellcasting
 + Level 0.7 Conjurations
 + Level 0.7 Hexes
 + Level 0.7 Summonings
 + Level 0.7 Necromancy
 + Level 0.7 Translocations
 + Level 0.7 Transmutations
 + Level 2.1 Fire Magic
 + Level 0.7 Ice Magic
 + Level 3.8 Air Magic
 + Level 0.7 Earth Magic
 + Level 0.7 Poison Magic
 + Level 1.0 Invocations
 + Level 1.0 Evocations


You had 15 spell levels left.
You knew the following spells:

 Your Spells              Type           Power      Damage    Failure   Level
a - Foxfire               Conj/Fire      36%        2x1d5     11%         1

Your spell library contained the following spells:

 Spells                   Type           Power      Damage    Failure   Level
 Shock                    Conj/Air       44%        1d5       8%          1
 Mephitic Cloud           Conj/Pois/Air  9%         N/A       28%         3
 Inner Flame              Hex/Fire       9%         N/A       32%         3
 Airstrike                Air            7%         N/A       36%         4
 Fulminant Prism          Conj/Hex       3%         3d6       80%         4
 Iskenderun's Mystic Bla  Conj/Tloc      7%         2d4       80%         4
 Lee's Rapid Deconstruct  Erth           3%         3d6*      98%         5


Dungeon Overview and Level Annotations

Branches:
Dungeon (2/15)

Altars:

Annotations:
D:2 Sigmund


Innate Abilities, Weirdness & Mutations

You have very sharp teeth.
Your uncanny sense of smell can sniff out nearby items.
Your experience applies equally to all skills.


Message History

Confirm with . or Enter, or press ? or * to list all spells.
You conjure some foxfire!
The gnoll hits you from afar with a +0 spear.
Your foxfire dissipates!
The foxfire hits the gnoll but does no damage.
The gnoll barely misses you.
Casting: Foxfire (safe; 11% risk of failure)
Confirm with . or Enter, or press ? or * to list all spells.
You conjure some foxfire!
The gnoll hits you from afar with a +0 spear.
Your foxfire dissipates!
The foxfire hits the gnoll.
The gnoll is lightly wounded.
Casting: Foxfire (safe; 11% risk of failure)
Confirm with . or Enter, or press ? or * to list all spells.
You conjure some foxfire!
The gnoll hits you from afar with a +0 spear.
Your foxfire dissipates!
The foxfire hits the gnoll.
The gnoll is heavily wounded.
Casting: Foxfire (safe; 11% risk of failure)
Confirm with . or Enter, or press ? or * to list all spells.
You conjure some foxfire!
The gnoll hits you from afar with a +0 spear.
Your foxfire dissipates!
The foxfire hits the gnoll.
The gnoll is almost dead.
Casting: Foxfire (safe; 11% risk of failure)
Confirm with . or Enter, or press ? or * to list all spells.
You conjure some foxfire!
The gnoll hits you from afar with a +0 spear!
* * * LOW HITPOINT WARNING * * *
Your foxfire dissipates!
The foxfire hits the gnoll.
The gnoll is almost dead.
Casting: Foxfire (safe; 11% risk of failure)
Confirm with . or Enter, or press ? or * to list all spells.
You conjure some foxfire!
The gnoll hits you from afar with a +0 spear!
You die...

####.####.##....#### #.#.#.#
#####.####.#####..########)#.#.#
...............................#
##.###.#########...####.##.....#
# #..### #.#.####.#####..#
...... #.#...........†.#
#######.# ##g#..###.######.#
#.....#.####..v......# #...#
#.....#.##...@#.#.#..# #.###
#.##..#.##.#..v.#.#..# #.#
#..#..#.##.######.#..# #.#
#<.#..#........##.#..####.###
##.#.##..##....##.#.........#
.#.....##....##.##.#..#...#
.#.######....##.......##### ##
##.# ###.###..#.........# .. ..#
.###..#..######.#


You could see a gnoll (ally target).

Vanquished Creatures
  3 adders (D:2)
  4 endoplasms
  A hobgoblin (D:1)
  2 kobolds (D:1)
  3 ball pythons
  2 bats
  3 frilled lizards (D:1)
  3 goblins
  4 rats
25 creatures vanquished.

Vanquished Creatures (others)
  67 foxfires
67 creatures vanquished.

Grand Total: 92 creatures vanquished

Notes
Turn   | Place    | Note
-------+----------+-------------------------------------------
     0 | D:1      | iwittbrodt the Gnoll Wanderer began the quest for the Orb.
     0 | D:1      | iwittbrodt set off with the following items: a +0 dagger, a
                  | +0 robe, a +0 helmet; and the following spells available to
                  | memorise: Shock, Foxfire, Mephitic Cloud, Inner Flame,
                  | Airstrike
     0 | D:1      | Reached XP level 1. HP: 13/13 MP: 8/8
     2 | D:1      | Learned a level 1 spell: Foxfire
   144 | D:1      | Reached XP level 2. HP: 19/19 MP: 7/10
   281 | D:1      | You fall into a shaft and drop 1 floor!
   336 | D:2      | Noticed Sigmund
   369 | D:2      | Reached XP level 3. HP: 25/25 MP: 9/11
   567 | D:2      | Reached skill level 1 in Invocations
   828 | D:1      | Reached skill level 1 in Fighting
   828 | D:1      | Reached skill level 1 in Short Blades
   828 | D:1      | Reached skill level 1 in Long Blades
   828 | D:1      | Reached skill level 1 in Axes
   828 | D:1      | Reached skill level 1 in Maces & Flails
   828 | D:1      | Reached skill level 1 in Polearms
   828 | D:1      | Reached skill level 1 in Staves
   828 | D:1      | Reached skill level 1 in Slings
   828 | D:1      | Reached skill level 1 in Bows
   828 | D:1      | Reached skill level 1 in Crossbows
   828 | D:1      | Reached skill level 1 in Throwing
   828 | D:1      | Reached skill level 1 in Armour
   828 | D:1      | Reached skill level 1 in Shields
   828 | D:1      | Reached skill level 1 in Unarmed Combat
   828 | D:1      | Reached skill level 1 in Evocations
   916 | D:1      | Slain by a gnoll

Illustrated notes

Levels and vault maps discovered:
D:1:      ebering_hopf_link, layout_basic, st_stairs_13
D:2:      layout_basic, uniq_jessica, uniq_sigmund

Skill      XL: |  1  2  3 |
---------------+----------+-----
Fire Magic     | 2 |  2.1
Invocations    | 1 |  1.0
Fighting       | 1 |  1.0
Short Blades   | 1 |  1.0
Long Blades    | 1 |  1.0
Axes           | 1 |  1.0
Maces & Flails | 1 |  1.0
Polearms       | 1 |  1.0
Staves         | 1 |  1.0
Slings         | 1 |  1.0
Bows           | 1 |  1.0
Crossbows      | 1 |  1.0
Throwing       | 1 |  1.0
Armour         | 1 |  1.0
Shields        | 1 |  1.0
Unarmed Combat | 1 |  1.0
Evocations     | 1 |  1.0
Dodging        | |  6.5
Stealth        | |  2.4
Spellcasting   | |  7.1
Conjurations   | |  0.7
Hexes          | |  0.7
Summonings     | |  0.7
Necromancy     | |  0.7
Translocations | |  0.7
Transmutations | |  0.7
Ice Magic      | |  0.7
Air Magic      | |  3.8
Earth Magic    | |  0.7
Poison Magic   | |  0.7

Action                   || total
-------------------------++-------
Melee: Dagger            ||     2
Throw: Stone             ||     2
 Cast: Foxfire           ||    43
Armor: Robe              ||     3
       Leather armour    ||     3
Dodge: Dodged            ||     4
